 Dungeon Crawl Stone Soup version 0.12.2-18-gb8c16a5 (webtiles) character file.

397 Gabry the Covered (level 5, -3/46 HPs)
             Began as a Minotaur Fighter on Aug 20, 2013.
             Killed by divine providence
             ... invoked by an orc priest
              (11 damage)
             ... on Level 3 of the Dungeon.
             The game lasted 00:11:25 (2034 turns).

Gabry the Covered (Minotaur Fighter)                Turns: 2034, Time: 00:11:27

HP  -3/46        AC  8     Str 20      XL: 5   Next: 90%
MP   1/1         EV  5     Int  5      God:
Gold 143         SH 19     Dex 11      Spells:  0 memorised,  4 levels left

Res.Fire  : + . .   See Invis. : .   a - +0 mace
Res.Cold  : x . .   Warding    : .   f - +0 elf chain mail
Life Prot.: . . .   Conserve   : .   c - +0 shield
Res.Poison: .       Res.Corr.  : .   (helmet restricted)
Res.Elec. : .       Clarity    : .   (no cloak)
Sust.Abil.: . .     Spirit.Shd : .   (no gloves)
Res.Mut.  : .       Stasis     : .   (no boots)
Res.Rott. : .       Ctrl.Telep.: .   (no amulet)
Saprovore : . . .   Flight     : .   (no ring)
                                     q - ring of fire

@: very slightly contaminated, hasted, very quick, slightly resistant to hostile
enchantments, extremely unstealthy
A: retaliatory headbutt, horns 2
a: no special abilities


You were on level 3 of the Dungeon.
You were not hungry.

You visited 1 branch of the dungeon, and saw 3 of its levels.

You collected 123 gold pieces.

Inventory:

Hand weapons
 a - a +0,+0 mace (weapon)
 h - a +0,+0 dagger
 j - a +1,+2 dagger of returning
 r - a +3,+2 dwarven dagger
 t - a +1,+0 dwarven dagger
 u - a +1,+2 orcish dagger of electrocution (quivered)
Armour
 c - a +0 shield (worn)
 f - a +0 elven chain mail (worn)
 v - a +1 leather armour of cold resistance
Magical devices
 p - a wand of hasting (5)
Comestibles
 d - a bread ration
Scrolls
 e - a scroll of teleportation {unknown}
 l - 2 scrolls of identify {unknown}
 m - 2 scrolls of remove curse {unknown}
 o - a scroll of enchant armour {unknown}
 s - a scroll of enchant weapon II {unknown}
Jewellery
 q - a ring of fire (left hand)
Potions
 b - a potion of invisibility {unknown}
 g - a potion of curing
 i - a potion of confusion {unknown}
 k - a potion of restore abilities {unknown}


   Skills:
 + Level 4.6 Fighting
 + Level 3.2 Maces & Flails
 + Level 5.4 Armour
 + Level 2.7 Dodging
 + Level 4.7 Shields


You had 4 spell levels left.
You didn't know any spells.

Dungeon Overview and Level Annotations

Branches:
Dungeon (3/27)

Altars:
Cheibriados
Trog
Yredelemnul

Annotations
D:3 Grinder


Innate Abilities, Weirdness & Mutations

You reflexively headbutt those who attack you in melee.
You have a pair of horns on your head.


Message History

Grinder hits you but does no damage.
You hit Grinder but do no damage.
Grinder is severely wounded.
You barely miss Grinder. You headbutt Grinder.
Grinder is almost dead.
Grinder says, "Just stop there for a second..."
Grinder hits you but does no damage.
You hit Grinder. Your headbutt misses Grinder.
Grinder is almost dead.
Grinder gestures.
Grinder blinks!
A giant cockroach comes into view.
There is an open door here.
An adder, 3 orcs and an orc priest come into view.
The orc shouts!
The orc priest shouts!
You block the giant cockroach's attack.
The orc priest mumbles some strange prayers to Beogh against you.
Something smites you!
You die...

............##.###.
#..####............
###..#...............
........#####.....####
## .#..............#
##.o #.######....#.#
o.o. #.# .. ....# #
#.#.S#'#.####.#..#
#.o..s@.....#.#..#
.......<.(.........#
.#.#......##.#.# . #
#......# #. #..#.###
#..#.# #..#.# #..#.#
#.#


You could see an orc priest, an adder, 3 orcs and a giant cockroach.

Vanquished Creatures
  Sigmund (D:2)
  The ghost of R18 the Ruinous, an average HECj (D:3)
  Jessica (D:2)
  4 adders
  A giant mite (D:2)
  A worm (D:2)
  3 giant geckos
  An ooze (D:2)
  2 ball pythons
  A giant cockroach (D:1)
  3 goblins
  5 hobgoblins
  2 jackals (D:1)
  4 kobolds
  7 bats
  3 giant newts (D:1)
  5 rats
45 creatures vanquished.

Vanquished Creatures (others)
  A rat (D:2)
1 creature vanquished.

Grand Total: 46 creatures vanquished

Notes
Turn   | Place    | Note
--------------------------------------------------------------
     0 | D:1      | Gabry, the Minotaur Fighter, began the quest for the Orb.
     0 | D:1      | Reached XP level 1. HP: 19/19 MP: 0/0
   249 | D:1      | Reached XP level 2. HP: 26/26 MP: 0/0
   271 | D:1      | Reached skill level 4 in Fighting
  1011 | D:2      | Reached XP level 3. HP: 30/33 MP: 1/1
  1035 | D:2      | Found a snail-covered altar of Cheibriados.
  1310 | D:2      | Noticed Sigmund
  1327 | D:2      | Killed Sigmund
  1327 | D:2      | Reached skill level 1 in Dodging
  1327 | D:2      | Reached XP level 4. HP: 19/40 MP: 1/1
  1511 | D:2      | Found a bloodstained altar of Trog.
  1569 | D:2      | Found a basalt altar of Yredelemnul.
  1776 | D:2      | Reached skill level 5 in Armour
  1842 | D:2      | Noticed Jessica
  1848 | D:2      | Reached XP level 5. HP: 28/46 MP: 1/1
  1853 | D:2      | Killed Jessica
  1941 | D:3      | Noticed R18's ghost (average HECj)
  1971 | D:3      | Killed R18's ghost
  1992 | D:3      | Noticed Grinder
  2034 | D:3      | Killed from afar by an orc priest

Action                   |  1- 3 |  4- 6 || total
-------------------------+-------+-------++-------
Melee: Mace              |    84 |    75 ||   159
Evoke: Wand              |       |     1 ||     1
  Use: Potion            |       |     4 ||     4
